 Dungeon Crawl Stone Soup version 0.18.1-48-g4cf74bf (webtiles) character file.

28413 Jonno22 the Blocker (level 13, -4/100 HPs)
             Began as a Human Fighter on Aug 24, 2016.
             Was a High Priest of the Shining One.
             Slain by Frances
             ... wielding a +0 scimitar
              (17 damage)
             ... on level 1 of the Swamp on Aug 25, 2016.
             The game lasted 02:36:00 (16611 turns).

Jonno22 the Blocker (Human Fighter)                Turns: 16611, Time: 02:36:01

Health: -4/100     AC: 21    Str: 24    XL:     13   Next: 73%
Magic:  12/14      EV: 10    Int:  7    God:    the Shining One [*****.]
Gold:   490        SH: 23    Dex: 14    Spells: 0 memorised, 12 levels left

rFire  . . .     SeeInvis +     J - +5 spear (flame)
rCold  . . .     Gourm    .     y - +1 chain mail "Luupt" {rElec rCorr Int-3 SInv}
rNeg   + + .     Faith    .     m - +1 large shield
rPois  +         Spirit   .     H - +1 hat
rElec  +         Dismiss  .     (no cloak)
rCorr  +         Reflect  .     f - +0 pair of gloves
SustAt .         Harm     .     E - +0 pair of boots
MR     .....                    i - amulet of regeneration
Stlth  ..........               o - ring of poison resistance
                                N - +3 ring of protection

@: mighty, glowing, not resistant to hostile enchantments, extremely unstealthy
A: large bone plates 1, mutation resistance 1, regeneration 1, MP-powered wands
a: Divine Shield, Cleansing Flame, Summon Divine Warrior, Renounce Religion


You were on level 1 of the Swamp.
You worshipped the Shining One.
The Shining One was extremely pleased with you.
You were not hungry.

You visited 4 branches of the dungeon, and saw 18 of its levels.

You collected 693 gold pieces.
You spent 203 gold pieces at shops.

Inventory:

Hand Weapons
 F - a +2 dagger of holy wrath
 J - a +5 spear of flaming (weapon)
 W - a +1 whip of electrocution
 X - a +2 mace of protection
Missiles
 l - 22 tomahawks (quivered)
Armour
 f - a +0 pair of gloves (worn)
 m - a +1 large shield (worn)
 y - the +1 chain mail "Luupt" (worn) {rElec rCorr Int-3 SInv}
   (You found it on level 5 of the Dungeon)

   It affects your intelligence (-3).
   It insulates you from electricity.
   It lets you see invisible.
   It protects you from acid and corrosion.
 C - a +0 crystal plate armour
 E - a +0 pair of boots (worn)
 H - a +1 hat (worn)
Jewellery
 b - an uncursed ring of fire
 d - a +3 ring of dexterity
 i - an amulet of regeneration (around neck)
 j - an uncursed amulet of rage
 k - a +6 ring of intelligence
 o - a ring of poison resistance (right hand)
 q - an uncursed ring of resist corrosion
 s - an uncursed amulet of the gourmand
 N - a +3 ring of protection (left hand)
 V - an uncursed ring of protection from cold
Wands
 n - a wand of acid (0/15)
 r - a wand of lightning (0/15)
 t - a wand of iceblast (0/15)
 G - a wand of confusion (37/48)
 M - a wand of polymorph (11/24)
 P - a wand of enslavement (12/24)
 Z - a wand of digging (11/24)
Scrolls
 e - a scroll of blinking
 g - a scroll of identify
 I - a scroll of remove curse
Potions
 c - 3 potions of brilliance
 u - 2 potions of haste
 v - 2 potions of agility
 B - 6 potions of lignification
 D - 3 potions of flight
 S - a potion of invisibility
Books
 K - a book of Misfortune

   Spells                             Type                      Level
   a - Confusing Touch                Hexes                        2
   b - Confuse                        Hexes                        3
   c - Gell's Gravitas                Hexes/Translocation          3
   d - Petrify                        Transmutation/Earth          4
   e - Metabolic Englaciation         Hexes/Ice                    5
   f - Yara's Violent Unravelling     Hexes/Transmutation          5
 Q - a book of Air

   Spells                             Type                      Level
   a - Shock                          Conjuration/Air              1
   b - Swiftness                      Charms/Air                   2
   c - Repel Missiles                 Charms/Air                   2
   d - Static Discharge               Conjuration/Air              3
   e - Lightning Bolt                 Conjuration/Air              5
Miscellaneous
 a - a legendary deck of changes {Wild Magic}
 O - a box of beasts
Comestibles
 h - 10 meat rations
 p - 18 royal jellies
 z - a slice of pizza
 A - 4 bread rations


   Skills:
 + Level 8.9 Fighting
 + Level 0.6(3.1) Short Blades
   Level 5.0 Long Blades
 + Level 7.9 Polearms
 + Level 0.8 Throwing
 + Level 9.4 Armour
 + Level 8.3 Dodging
 + Level 1.3 Stealth
 + Level 13.8 Shields
 + Level 0.2 Unarmed Combat
 + Level 2.2 Evocations


You had 12 spell levels left.
You didn't know any spells.

Dungeon Overview and Level Annotations

Branches:
Dungeon (12/15)            Temple (1/1) D:6            Lair (3/8) D:8
  Swamp (2/4) Lair:3          Orc (0/2) D:9
  Snake: Lair:3-6    Spider: Lair:3-6

Altars:
Ashenzari
Cheibriados
Dithmenos
Elyvilon
Fedhas
Gozag
Kikubaaqudgha
Makhleb
Nemelex Xobeh
Okawaru
Pakellas
Qazlal
Ru
Sif Muna
Trog
Vehumet
Xom
Yredelemnul
Zin
The Shining One

Shops:
D:5 !   D:6 *   D:8 *   D:12 [

Annotations:
Swamp:1 Frances


Innate Abilities, Weirdness & Mutations

You are partially covered in large bone plates (AC +2, SH +2).
You are somewhat resistant to further mutation.
Your natural rate of healing is unusually fast.
You expend magic power (3 MP) to strengthen your wands.


Message History

Frances is heavily wounded.
You block Frances's attack.
You puncture Frances! You burn Frances.
Frances is heavily wounded.
Frances hits you with a scimitar!!
* * * LOW HITPOINT WARNING * * *
You barely miss Frances.
Frances is heavily wounded.
You block Frances's attack.
You impale Frances!! You burn Frances.
Frances is severely wounded.
You block Frances's attack.
You puncture Frances! You burn Frances.
Frances is severely wounded.
You block Frances's attack.
Your shield and chain mail "Luupt" prevent you from hitting Frances.
Frances is severely wounded.
Frances speaks in an indecipherable language.
Frances hits you with a scimitar!
You die...

..≈≈≈....≈♣♣....≈.≈≈..≈.≈..≈♣♣♣♣
.≈≈......≈♣♣≈...≈≈≈≈≈......♣§.≈♣
≈≈≈.♣♣≈.≈.♣♣.≈..≈≈≈≈≈≈≈.≈≈.....♣
♣≈...♣....♣......≈≈≈≈≈≈..≈≈≈..≈♣
♣♣......≈≈.......≈......≈.≈≈..♣♣
....≈≈..≈...'###...≈≈≈≈...≈≈≈..♣
†≈≈≈..≈..†#....##..≈≈≈≈.≈♣..≈≈.♣
≈≈≈≈..≈..##.....##4..≈≈.♣♣♣♣.≈.♣
≈≈≈...≈..#...#..@@D3..♣♣♣ ♣♣♣♣♣♣
≈≈≈.≈≈≈..#..###..#y.≈♣♣ ♣≈♣≈.
≈≈≈.≈≈≈......#...#..♣♣♣≈≈≈..≈
≈≈...≈...##.....##..≈..≈≈≈≈$.
.≈...≈♣≈..##...##..♣♣.≈......
♣♣≈.≈♣♣♣♣..###.#...♣♣♣♣♣§≈≈.♣
♣♣♣♣♣♣ ♣♣♣.......§...≈..≈≈≈.♣
♣≈≈.♣♣♣♣≈.≈........≈≈≈..≈≈≈@.
≈....≈≈≈≈≈.≈.....≈...........


You could see Frances (inner flame), a five-headed hydra (inner flame), an
orange demon, a smoke demon and a vampire mosquito (inner flame).

Vanquished Creatures
  Kirke (D:12)
  The ghost of RickumRackum the Blocker, a journeyman MiFi of the Shining One (Lair:2)
  2 hydras
  A spriggan druid (Swamp:2)
  An unseen horror (D:10)
  A hill giant (D:11)
  An ugly thing (D:11)
  A deep elf mage (D:12)
  A cyclops (D:10)
  Maurice (D:12)
  A black mamba (Lair:3)
  3 spiny frogs
  A rime drake (Lair:3)
  A komodo dragon (Lair:2)
  A queen bee (D:11)
  The ghost of Sanvar the Gusty, a novice TeAE (D:5)
  3 trolls
  2 polar bears
  A giant leech (Swamp:1)
  9 slime creatures (D:12)
  3 blink frogs (Lair:2)
  A spriggan (Swamp:2)
  2 wyverns
  6 wraiths
  10 yaks
  A basilisk (Lair:2)
  3 hogs (D:12)
  3 vampire mosquitoes (Swamp:1)
  8 hippogriffs
  2 hungry ghosts (D:9)
  3 swamp worms
  3 water moccasins
  3 porcupines
  2 orc warriors
  A black bear (D:7)
  2 swamp drakes (Swamp:2)
  2 wasps
  3 ice beasts
  A sky beast (D:7)
  2 eyes of draining
  2 necrophages (D:7)
  5 ogres
  11 wolves
  3 phantoms
  4 centaurs
  6 crocodiles
  3 big kobolds
  9 giant frogs
  A wyvern zombie (D:8)
  8 scorpions
  A troll zombie (D:7)
  32 killer bees
  3 howler monkeys
  An electric eel (Lair:3)
  6 wights (D:7)
  A troll skeleton (D:10)
  3 spriggan skeletons (D:10)
  9 crimson imps
  3 centaur zombies
  2 quasits
  A giant frog zombie (D:11)
  3 jellies
  3 centaur skeletons
  5 human zombies (D:7)
  6 orc priests
  4 hounds
  6 orc wizards
  3 giant frog skeletons
  6 iguanas
  7 worker ants
  4 sheep (Lair:3)
  An ogre zombie (D:7)
  A hound zombie (D:9)
  A hound skeleton (D:10)
  4 gnolls (D:10)
  19 river rats
  15 adders
  4 shadow imps
  2 white imps (D:10)
  An ooze (D:3)
  3 worms
  A dart slug (D:2)
  6 giant geckos
  37 orcs
  2 giant cockroaches
  11 goblins
  7 hobgoblins
  14 jackals
  28 kobolds
  8 quokkas
  3 ball pythons
  9 bats
  4 giant newts
  A quokka skeleton (D:9)
  6 rats
  6 fungi
  A plant (D:8)
451 creatures vanquished.

Vanquished Creatures (others)
  Josephine (D:12)
  A boulder beetle (D:4)
  4 humans (D:12)
  A giant frog (D:12)
  4 fungi
  A plant (Lair:2)
  5 toadstools
17 creatures vanquished.

Grand Total: 468 creatures vanquished

Notes
Turn   | Place    | Note
--------------------------------------------------------------
     0 | D:1      | Jonno22 the Human Fighter began the quest for the Orb.
     0 | D:1      | Reached XP level 1. HP: 18/18 MP: 1/1
   137 | D:1      | Reached XP level 2. HP: 14/24 MP: 2/2
   675 | D:2      | Reached XP level 3. HP: 29/29 MP: 3/3
   868 | D:2      | Found a sparkling altar of Nemelex Xobeh.
   940 | D:2      | Reached XP level 4. HP: 35/35 MP: 4/4
  1150 | D:2      | Reached skill level 1 in Dodging
  1161 | D:2      | Reached XP level 5. HP: 24/42 MP: 5/5
  2489 | D:4      | Reached skill level 4 in Shields
  2765 | D:4      | Reached XP level 6. HP: 28/48 MP: 6/6
  2835 | D:4      | Found an oddly glowing altar of Pakellas.
  2840 | D:4      | Noticed a boulder beetle
  2845 | D:4      | Killed a boulder beetle
  3097 | D:4      | Noticed a phantom
  3113 | D:4      | Killed a phantom
  3185 | D:4      | Found an ancient bone altar of Kikubaaqudgha.
  3192 | D:4      | Reached XP level 7. HP: 43/54 MP: 7/7
  3577 | D:5      | Entered Level 5 of the Dungeon
  3585 | D:5      | Noticed Sanvar's ghost (novice TeAE)
  3590 | D:5      | Killed Sanvar's ghost
  3590 | D:5      | Reached skill level 5 in Armour
  3590 | D:5      | Reached skill level 5 in Shields
  3601 | D:5      | Reached skill level 1 in Evocations
  3601 | D:5      | Reached XP level 8. HP: 50/61 MP: 8/8
  3635 | D:5      | Found Xiqar's Distillery.
  3674 | D:5      | Bought a potion of mutation for 30 gold pieces
  3674 | D:5      | Bought a potion of curing for 36 gold pieces
  3674 | D:5      | Bought a potion of curing for 36 gold pieces
  3674 | D:5      | Bought a potion of lignification for 36 gold pieces
  3674 | D:5      | Gained mutation: Your natural rate of healing is unusually fast. [potion of mutation]
  3674 | D:5      | Gained mutation: You expend magic power (3 MP) to strengthen your wands. [potion of mutation]
  3674 | D:5      | Gained mutation: You are partially covered in large bone plates (AC +2, SH +2). [potion of mutation]
  3703 | D:5      | Got a faintly glowing chain mail
  3999 | D:5      | Identified the cursed +1 chain mail "Luupt" {rElec rCorr Int-3 SInv} (You found it on level 5 of the Dungeon)
  4397 | D:6      | Found a staircase to the Ecumenical Temple.
  4410 | Temple   | Entered the Ecumenical Temple
  4429 | Temple   | Became a worshipper of the Shining One
  4874 | D:6      | Found Mosat's General Store.
  5146 | D:7      | Reached skill level 5 in Fighting
  5146 | D:7      | Reached skill level 6 in Shields
  5172 | D:7      | Reached XP level 9. HP: 68/68 MP: 9/9
  5665 | D:7      | Reached skill level 7 in Shields
  5940 | D:7      | Reached skill level 5 in Long Blades
  5959 | D:7      | Reached skill level 1 in Polearms
  5960 | D:7      | Reached * piety under the Shining One
  5981 | D:7      | Found a basalt altar of Yredelemnul.
  6284 | D:7      | Reached ** piety under the Shining One
  6485 | D:8      | Found Erruf's General Store.
  6491 | D:8      | Bought a scroll of identify for 26 gold pieces
  6491 | D:8      | Bought a scroll of remove curse for 39 gold pieces
  6547 | D:8      | Reached skill level 8 in Shields
  6547 | D:8      | Reached XP level 10. HP: 76/76 MP: 11/11
  6718 | D:8      | Reached skill level 1 in Stealth
  6744 | D:8      | Reached skill level 5 in Dodging
  6960 | D:8      | Found a staircase to the Lair.
  7054 | D:8      | Reached skill level 9 in Shields
  7278 | Lair:1   | Entered Level 1 of the Lair of Beasts
  8402 | Lair:2   | Noticed a spiny frog
  8454 | Lair:1   | Killed a spiny frog
  8454 | Lair:1   | Reached XP level 11. HP: 29/83 MP: 5/12
  8460 | Lair:1   | Reached skill level 10 in Shields
  9111 | Lair:2   | Reached skill level 5 in Polearms
  9350 | Lair:2   | Noticed RickumRackum's ghost (journeyman MiFi)
  9470 | Lair:2   | Killed RickumRackum's ghost
  9514 | Lair:2   | Reached skill level 11 in Shields
 10136 | Lair:3   | Found a staircase to the Swamp.
 10139 | Lair:3   | Noticed a six-headed hydra
 10163 | Lair:3   | Killed a six-headed hydra
 10477 | Lair:3   | Reached *** piety under the Shining One
 10569 | Lair:3   | Reached XP level 12. HP: 84/91 MP: 13/13
 11160 | D:9      | Found a snail-covered altar of Cheibriados.
 11423 | D:9      | Found a staircase to the Orcish Mines.
 11950 | D:10     | Entered Level 10 of the Dungeon
 12481 | D:10     | Reached **** piety under the Shining One
 12512 | D:10     | Noticed an unseen horror
 12568 | D:10     | Killed an unseen horror
 12568 | D:10     | Reached skill level 12 in Shields
 12597 | D:10     | Gained mutation: You are somewhat resistant to further mutation. [potion of beneficial mutation]
 13259 | D:11     | Reached ***** piety under the Shining One
 14088 | D:12     | Noticed Kirke
 14142 | D:12     | Killed Kirke
 14142 | D:12     | Reached XP level 13. HP: 41/99 MP: 14/14
 14164 | D:12     | Reached skill level 13 in Shields
 14889 | D:12     | Found Bijiop's Armour Emporium.
 14895 | D:12     | Noticed Maurice
 14914 | D:12     | Killed Maurice
 15093 | D:12     | Noticed Josephine
 15104 | D:12     | Killed Josephine
 16088 | Swamp:1  | Entered Level 1 of the Swamp
 16214 | Swamp:1  | You fall through a shaft!
 16218 | Swamp:2  | Noticed a thorn hunter
 16242 | Swamp:2  | Noticed a five-headed hydra
 16264 | Swamp:2  | Killed a five-headed hydra
 16584 | Swamp:1  | Noticed a five-headed hydra
 16585 | Swamp:1  | Noticed Frances
 16611 | Swamp:1  | Slain by Frances

Skill      XL: |  1  2  3  4  5  6  7  8  9 10 11 12 13 |
---------------+----------------------------------------+-----
Dodging        | 1 2 3 4 5 6 7 8 |  8.3
Shields        | 4 5 6 8 9 11 12 13 | 13.8
Armour         | 4 5 6 7 8 9 |  9.4
Fighting       | 4 5 6 7 8 |  8.9
Long Blades    | 3 4 5 |  5.0
Evocations     | 1 2 |  2.2
Polearms       | 2 4 5 7 |  7.9
Stealth        | 1 |  1.3
Short Blades   | |  0.6
Throwing       | |  0.8
Unarmed Combat | |  0.2

Action                   |  1- 3 |  4- 6 |  7- 9 | 10-12 | 13-15 || total
-------------------------+-------+-------+-------+-------+-------++-------
Melee: Long sword        |    91 |   331 |   283 |       |       ||   705
       Spear             |       |       |   259 |  1745 |   448 ||  2452
       Dagger            |       |       |       |    76 |       ||    76
       Rapier            |       |       |       |    11 |       ||    11
       Unarmed           |       |       |       |     5 |       ||     5
Throw: Tomahawk          |       |       |    10 |       |       ||    10
Evoke: Wand              |       |     5 |    12 |    11 |     8 ||    36
  Use: Scroll            |     3 |     8 |     5 |    15 |     8 ||    39
       Potion            |       |     4 |     3 |     5 |     9 ||    21
  Eat: Bread ration      |       |     1 |       |     3 |     2 ||     6
       Royal jelly       |       |     2 |     1 |     1 |       ||     4
       Meat ration       |       |       |     2 |     1 |       ||     3
       Beef jerky        |       |       |     1 |     2 |       ||     3
       Fruit             |       |       |     1 |     5 |       ||     6
       Pizza             |       |       |       |     2 |       ||     2
Armor: Scale mail        |    38 |   198 |    65 |       |       ||   301
       Chain mail        |       |       |   221 |   594 |   139 ||   954
Dodge: Dodged            |    35 |    62 |    85 |   346 |    87 ||   615
Block: Shield            |    45 |    47 |       |       |       ||    92
       Large shield      |       |   213 |   528 |  1858 |   435 ||  3034
